 Dungeon Sprint DCSS version 0.28.0-43-g3370ac3207 (webtiles) character file.

Game seed: 139206331922859648

9920 boopmooplesden the Executioner (level 11, -11/119 (122) HPs)
             Began as a Minotaur Berserker on Mar 1, 2022.
             Was the Champion of Trog.
             Killed from afar by an orc sorcerer (14 damage)
             ... with a bolt of negative energy
             ... in the Dungeon (Sprint II: "The Violet Keep of Menkaure").
             The game lasted 00:04:41 (1449 turns).

boopmooplesden the Executioner (Minotaur Berserker) Turns: 1449, Time: 00:04:42

HP:   -11/119 (122) AC: 16    Str: 24    XL:     11   Next: 29%
MP:   10/10         EV:  7    Int:  4    God:    Trog [******]
Gold: 356           SH:  0    Dex: 12    Spells: 10/10 levels left

rFire   + . .      SeeInvis .   l - +1 executioner's axe (vorpal)
rCold   + + .      Faith    .   (shield currently unavailable)
rNeg    . . .      Spirit   .   k - +2 scale mail {rC+}
rPois   +          Reflect  .   j - +0 hat
rElec   +          Harm     .   (no cloak)
rCorr   +          Rampage  .   v - +0 pair of gloves
Will    .....      NoTele   +   i - +2 pair of boots
Stlth   ..........              (no amulet)
HPRegen 0.29/turn               (no ring)
MPRegen 0.12/turn               (no ring)

@: resistant, on berserk cooldown, held, slowed, lightly drained, very slow
A: horns 2, retaliatory headbutt
a: Renounce Religion, Berserk, Trog's Hand, Brothers in Arms


You were in the Dungeon.
You worshipped Trog.
Trog was exalted by your worship.
You visited 1 branch You collected 1241 gold pieces.
You spent 885 gold pieces at shops.

Inventory:

Hand Weapons
 a - a +1 hand axe
 d - a +4 battleaxe of freezing
 l - a +1 vorpal executioner's axe (weapon)
Armour
 b - a +0 animal skin
 e - the +3 hat of Pondering {ponderous, Will+ MP+10 Int+5}
   (You took it off Gastronok in the Dungeon)

   Int:       It affects your intelligence (+5).
   MP:        It affects your magic capacity (+10).
   Will:      It increases your willpower.
 i - a +2 pair of boots (worn)
 j - a +0 hat (worn)
 k - a +2 scale mail of cold resistance (worn)
 t - a +0 pair of boots
 v - a +0 pair of gloves (worn)
Scrolls
 h - 2 scrolls of blinking
 q - 4 scrolls of immolation
Potions
 c - 2 potions of curing
 g - 2 potions of berserk rage
 n - a potion of mutation
 o - 3 potions of flight
 p - 2 potions of resistance


   Skills:
 + Level 19.0 Fighting
 + Level 21.9 Axes
 + Level 11.0 Armour
 + Level 11.4 Dodging
 + Level 1.9 Stealth


You had 10 spell levels left.
You didn't know any spells.
Your spell library was empty.

Dungeon Overview and Level Annotations

Branches:
Dungeon (1/1)

Altars:
Cheibriados
Dithmenos
Elyvilon
Fedhas
Gozag
Hepliaklqana
Kikubaaqudgha
Makhleb
Nemelex Xobeh
Okawaru
Qazlal
Ru
Sif Muna
Trog
Uskayaw
Vehumet
Wu Jian
Xom
Yredelemnul
Zin
The Shining One
Beogh
Jiyva
Lugonu

Shops:
D [!::((=??!!=([*::

Annotations:
D exclusion: oklob plant


Innate Abilities, Weirdness & Mutations

You have a pair of horns on your head.
You reflexively headbutt those who attack you in melee.


Message History

You feel protected.
The sixfirhy disappears in a puff of smoke!
The red devil drops a net on you.
You avoid being caught in a net.
The ice devil is engulfed in seething chaos.
The orc sorcerer hits you but does no damage.
You slice the orc sorcerer!!
You kill the orc sorcerer!
Trog accepts your kill.
Trog appreciates your killing of a magic user.
The ice devil drops a net on you.
You avoid being caught in a net.
Your Fighting skill increases to level 19!
Your Armour skill increases to level 11!
You slash the orc sorcerer! Your headbutt misses the orc sorcerer.
The orc sorcerer is moderately wounded.
The red devil drops a net on you.
You become entangled in the net!
The orc sorcerer gestures at you while chanting.
You resist with significant effort.
You tear a large gash into the net.
The sixfirhy disappears in a puff of smoke!
The orc sorcerer casts a spell at you. The bolt of fire hits you! You resist.
* * * LOW HITPOINT WARNING * * *
The orc sorcerer points at you and mumbles some strange words.
You suddenly lose the ability to move!
The red devil disappears in a puff of smoke!
The orc sorcerer hits you with a +0 dagger.
* * * LOW HITPOINT WARNING * * *
The orc sorcerer hits you but does no damage. x3
The orc sorcerer hits you with a +0 dagger.
* * * LOW HITPOINT WARNING * * *
You can move again.
Unknown command.
You struggle against the net.
The orc sorcerer hits you with a +0 dagger.
* * * LOW HITPOINT WARNING * * *
You struggle against the net.
The orc sorcerer hits you but does no damage.
The orc sorcerer gestures at you while chanting.
The bolt of negative energy hits you!
You feel drained.
You die...

##≈≈§§≈≈§##########≈ ###
###########≈§§≈≈≈≈≈≈≈
#∩####+####§≈§≈≈≈≈###!########≈
##.^..#####.≈§§≈....##≈# #▓
#∩.....≈.'.≈..≈§§≈≈≈.'≈#
########^##≈.≈≈§.≈..####
)=).oooo#.^##§.≈≈.≈§#####)"
#########...#########....$|
........^...'.'.@o4†'^^..?"
###########################


You could see an ice devil (summoned) and an orc sorcerer.

Vanquished Creatures
  A kraken (D)
  Gastronok (D)
  Roxanne (D)
  A dire elephant (D)
  2 boulder beetles (D)
  3 sixfirhies (D)
  2 orc sorcerers (D)
  A merfolk siren (D)
  A yaktaur (D)
  3 polar bears (D)
  A hornet (D)
  A blink frog (D)
  4 neqoxecs (D)
  Menkaure (D)
  4 water moccasins (D)
  A jelly (D)
  3 worms (D)
  5 tentacles (D)
36 creatures vanquished.

Vanquished Creatures (others)
  4 tentacles (D)
4 creatures vanquished.

Grand Total: 40 creatures vanquished

Notes
Turn   | Place    | Note
-------+----------+-------------------------------------------
     0 | D        | boopmooplesden the Minotaur Berserker began the quest for
                  | the Orb.
     0 | D        | Reached XP level 1. HP: 19/19 MP: 0/0
     1 | D        | Noticed a merfolk siren
    17 | D        | Killed a merfolk siren
    18 | D        | Reached skill level 10 in Fighting
    18 | D        | Reached skill level 10 in Axes
    18 | D        | Reached skill level 5 in Armour
    18 | D        | Reached skill level 5 in Dodging
    18 | D        | Reached XP level 2. HP: 39/39 MP: 1/1
    18 | D        | Reached XP level 3. HP: 46/46 MP: 2/2
    18 | D        | Reached XP level 4. HP: 52/52 MP: 3/3
    18 | D        | Reached XP level 5. HP: 59/59 MP: 4/4
    18 | D        | Reached XP level 6. HP: 67/67 MP: 5/5
    24 | D        | Noticed a boulder beetle
    24 | D        | Noticed a boulder beetle
    28 | D        | Noticed a neqoxec
    34 | D        | Killed a neqoxec
    34 | D        | Reached ** piety under Trog
    35 | D        | Reached skill level 11 in Axes
    36 | D        | Noticed a neqoxec
    37 | D        | Noticed a neqoxec
    37 | D        | Noticed a neqoxec
    41 | D        | Killed a neqoxec
    42 | D        | Reached skill level 12 in Axes
    42 | D        | Reached XP level 7. HP: 77/77 MP: 6/6
    46 | D        | Killed a neqoxec
    48 | D        | Killed a neqoxec
    48 | D        | Reached *** piety under Trog
    49 | D        | Reached skill level 13 in Axes
    90 | D        | Found Zest's General Store.
    91 | D        | Found Ydon's Antique Armour Boutique.
    91 | D        | Found Qynis's Distillery.
    91 | D        | Found Wiroudgh's Jewellery Shop.
    91 | D        | Found Tucug's Magic Scroll Boutique.
    91 | D        | Found Tukoonipt's Distillery.
    91 | D        | Found Lemnil's Jewellery Shop.
    91 | D        | Found Basest's Magic Scroll Shop.
    92 | D        | Found Astro's Weapon Boutique.
    92 | D        | Found Soolusai's Antique Weapon Shop.
    92 | D        | Found Liasm's Antique Weapon Boutique.
    92 | D        | Noticed Menkaure
   106 | D        | Killed Menkaure
   106 | D        | Reached **** piety under Trog
   342 | D        | Noticed a blink frog
   367 | D        | Killed a blink frog
   368 | D        | Reached XP level 8. HP: 78/88 MP: 7/7
   375 | D        | Found Viadduol's Book Shop.
   375 | D        | Noticed an oklob plant
   375 | D        | Noticed a great orb of eyes
   376 | D        | Found Jebrust's Distillery.
   376 | D        | Found Yfizadya's Antique Armour Boutique.
   376 | D        | Found Wemuhec's Book Shoppe.
   394 | D        | Bought a +4 battleaxe of freezing for 404 gold pieces
   396 | D        | Bought a pair of glowing boots for 195 gold pieces
   396 | D        | Bought a hat for 104 gold pieces
   425 | D        | Killed a boulder beetle
   426 | D        | Reached skill level 15 in Axes
   427 | D        | Killed a boulder beetle
   427 | D        | Reached ***** piety under Trog
   428 | D        | Reached skill level 15 in Fighting
   428 | D        | Reached skill level 16 in Axes
   428 | D        | Reached XP level 9. HP: 92/99 MP: 8/8
   444 | D        | Bought a runed scale mail for 182 gold pieces
   475 | D        | Found a stormy altar of Qazlal.
   476 | D        | Found a hazy altar of Hepliaklqana.
   476 | D        | Found a sacrificial altar of Ru.
   476 | D        | Found an ornate altar of the Wu Jian Council.
   477 | D        | Found a viscous altar of Jiyva.
   477 | D        | Found a shimmering blue altar of Sif Muna.
   477 | D        | Found a shimmering altar of Xom.
   478 | D        | Found a snail-covered altar of Cheibriados.
   478 | D        | Found an ancient bone altar of Kikubaaqudgha.
   478 | D        | Found a bloodstained altar of Trog.
   478 | D        | Found a glowing golden altar of the Shining One.
   478 | D        | Found a basalt altar of Yredelemnul.
   606 | D        | Found a shadowy altar of Dithmenos.
   606 | D        | Found a corrupted altar of Lugonu.
   607 | D        | Found a white marble altar of Elyvilon.
   607 | D        | Found a burning altar of Makhleb.
   608 | D        | Found a blossoming altar of Fedhas.
   609 | D        | Found an opulent altar of Gozag.
   609 | D        | Noticed a polar bear
   609 | D        | Noticed a polar bear
   610 | D        | Noticed a polar bear
   612 | D        | Killed a polar bear
   613 | D        | Noticed a yaktaur
   616 | D        | Killed a polar bear
   620 | D        | Reached skill level 17 in Axes
   622 | D        | Killed a yaktaur
   625 | D        | Killed a polar bear
   639 | D        | Noticed a kraken
   659 | D        | Received a gift from Trog
   827 | D        | Killed a kraken
   828 | D        | Reached skill level 18 in Axes
   828 | D        | Reached skill level 10 in Dodging
   828 | D        | Reached XP level 10. HP: 110/111 MP: 9/9
   947 | D        | Found a sparkling altar of Nemelex Xobeh.
   947 | D        | Found a hide-covered altar of Uskayaw.
   948 | D        | Found an iron altar of Okawaru.
   948 | D        | Found a radiant altar of Vehumet.
   948 | D        | Found a glowing silver altar of Zin.
   965 | D        | Identified Roxanne's Tome of Stones
   965 | D        | Noticed Roxanne
   983 | D        | Noticed a sixfirhy
   986 | D        | Noticed a sixfirhy
  1013 | D        | Killed Roxanne
  1014 | D        | Reached skill level 19 in Axes
  1014 | D        | Noticed a sixfirhy
  1256 | D        | Found Xalezu Ica's Book Shoppe.
  1257 | D        | Found Jepypp's Book Boutique.
  1364 | D        | Killed a sixfirhy
  1365 | D        | Reached skill level 20 in Axes
  1367 | D        | Killed a sixfirhy
  1368 | D        | Reached skill level 10 in Armour
  1368 | D        | Reached skill level 1 in Stealth
  1373 | D        | Killed a sixfirhy
  1377 | D        | Noticed Gastronok
  1385 | D        | Killed Gastronok
  1385 | D        | Reached ****** piety under Trog
  1386 | D        | Reached skill level 21 in Axes
  1386 | D        | Reached XP level 11. HP: 116/121 MP: 10/10
  1415 | D        | Noticed a dire elephant
  1415 | D        | Noticed an orc sorcerer
  1415 | D        | Noticed an orc sorcerer
  1415 | D        | Noticed an orc sorcerer
  1426 | D        | Killed a dire elephant
  1427 | D        | Noticed a sixfirhy
  1430 | D        | Noticed a sixfirhy
  1435 | D        | Paralysed by an orc sorcerer for 2 turns
  1438 | D        | Killed an orc sorcerer
  1438 | D        | Received a gift from Trog
  1440 | D        | Killed an orc sorcerer
  1442 | D        | Paralysed by an orc sorcerer for 6 turns
  1447 | D        | HP: 5/122 [orc sorcerer/+0 dagger (5)]
  1449 | D        | Killed from afar by an orc sorcerer

Illustrated notes

Levels and vault maps discovered:
D:        the_violet_keep_of_menkaure [sprint2_stairs_cluster_1,
          sprint2_shoproom, sprint2_temple, sprint2_basic_supplies,
          sprint2_obstacle_2, sprint2_obstacle_6, sprint2_obstacle_4,
          sprint2_obstacle_5, sprint2_obstacle_3, sprint2_timed_cluster_1,
          sprint2_smallroom_cluster_1, sprint2_smallroom_final_cluster_1,
          sprint2_transparent_cluster_1, sprint2_second_timed_cluster_1,
          sprint2_sniper_area_1, sprint2_heavy_combat_area_1,
          sprint2_mutation_trap_area_1, sprint2_forest_area_1,
          sprint2_light_combat_area_1, sprint2_behind_water_1,
          sprint2_near_end_vault_1]

Skill      XL: |  1  2  3  4  5  6  7  8  9 10 11 |
---------------+----------------------------------+-----
Fighting       | 10 12 13 15 17 18 19 | 19.0
Axes           | 10 12 13 16 18 21 | 21.9
Armour         | 5 6 7 8 9 10 11 | 11.0
Dodging        | 5 6 8 10 11 | 11.4
Stealth        | 1 |  1.9

Action                   |  1- 3 |  4- 6 |  7- 9 | 10-12 || total
-------------------------+-------+-------+-------+-------++-------
Melee: Hand axe          |    13 |     9 |    39 |       ||    61
       Headbutt          |     3 |     1 |    11 |    17 ||    32
       Punch             |       |       |     1 |       ||     1
       Battleaxe         |       |       |    34 |       ||    34
       Executioner's axe |       |       |    14 |    62 ||    76
Invok: Berserk           |       |     1 |     3 |     3 ||     7
  Use: Potion            |     1 |       |       |     2 ||     3
       Scroll            |       |       |       |     7 ||     7
Armor: Animal skin       |       |       |     3 |       ||     3
       Scale mail        |       |       |    19 |    24 ||    43
Dodge: Dodged            |     2 |     3 |    54 |    17 ||    76
